 Dungeon Crawl Stone Soup version 0.32-a0-747-gc8563f6773 (webtiles) character file.

Game seed: 1227974912202029549

320 smashvw the Covert (level 6, -2/47 HPs)
             Began as a Gnoll Wanderer on Mar 17, 2024.
             Was an Initiate of Cheibriados.
             Slain by Menkaure (17 damage)
             ... on level 4 of the Dungeon.
             The game lasted 00:07:04 (2642 turns).

smashvw the Covert (Gnoll Wanderer)                 Turns: 2642, Time: 00:07:05

Health: -2/47      AC: 11    Str:  9    XL:     6   Next: 46%
Magic:  9/9        EV:  4    Int: 10    God:    Cheibriados [......]
Gold:   99         SH:  0    Dex: 20    Spells: 9/9 levels left

rFire   . . .        i - +3 dagger (freeze)
rCold   . . .        (no shield)
rNeg    . . .        p - +3 chain mail
rPois   .            (no helmet)
rElec   .            (no cloak)
rCorr   .            (no gloves)
SInv    .            (no boots)
Will    .....        (no amulet)
Stlth   ++           (no ring)
HPRegen 0.27/turn    (no ring)
MPRegen 0.11/turn

%: no passive effects
@: very slow
A: fangs 1, strong nose, distributed training
a: Renounce Religion


You were on level 4 of the Dungeon.
You worshipped Cheibriados.
Cheibriados was noncommittal.
You visited 2 branches of the dungeon, and saw 5 of its levels.

You collected 99 gold pieces.

Inventory:

Hand Weapons
 a - a +0 dagger
 d - a +0 sling
 i - a +3 dagger of freezing (weapon)
Missiles
 b - an atropa-tipped dart (quivered)
 c - a datura-tipped dart
 o - 10 stones
Armour
 p - a +3 chain mail (worn)
Jewellery
 q - a ring of see invisible
 s - an amulet of guardian spirit
Talismans
 g - a talisman of death
Scrolls
 f - a scroll of fog
 h - a scroll of enchant armour {unknown}
 j - 6 scrolls of identify {unknown}
 k - a scroll of amnesia {unknown}
 m - a scroll of poison {unknown}
Potions
 e - a potion of curing
 l - 2 potions of cancellation {unknown}
 n - 2 potions of might {unknown}
 r - a potion of degeneration {unknown}
 t - a potion of mutation {unknown}


   Skills:
 + Level 3.3 Fighting
 + Level 2.0 Short Blades
 + Level 2.0 Long Blades
 + Level 2.0 Axes
 + Level 2.0 Maces & Flails
 + Level 2.0 Polearms
 + Level 2.0 Staves
 + Level 8.8 Ranged Weapons
 + Level 2.0 Throwing
 + Level 2.0 Armour
 + Level 2.0 Dodging
 + Level 9.8 Stealth
 + Level 2.0 Shields
 + Level 2.0 Unarmed Combat
 + Level 2.0 Spellcasting
 + Level 1.6 Conjurations
 + Level 1.6 Hexes
 + Level 1.6 Summonings
 + Level 1.6 Necromancy
 + Level 1.6 Translocations
 + Level 1.6 Fire Magic
 + Level 1.6 Ice Magic
 + Level 1.6 Air Magic
 + Level 1.6 Earth Magic
 + Level 1.6 Alchemy
 + Level 2.2 Invocations
 + Level 2.0 Evocations
 + Level 1.8 Shapeshifting


You had 9 spell levels left.
You didn't know any spells.
Your spell library was empty.

Dungeon Overview and Level Annotations

Branches:
Dungeon (4/15)             Temple (1/1) D:4

Altars:
Ashenzari
Cheibriados
Elyvilon
Fedhas
Hepliaklqana
Kikubaaqudgha
Okawaru
Qazlal
Sif Muna
Trog
Uskayaw
Vehumet
Wu Jian
Xom
Zin

Shops:
D:2 !*([[

Annotations:
D:4 Menkaure


Innate Abilities, Weirdness & Mutations

You have very sharp teeth.
Your uncanny sense of smell can sniff out nearby items.
Your experience applies equally to all skills.


Message History

You hit the orc. You freeze the orc.
You kill the orc!
Cheibriados appreciates the change of pace.
You hit the orc priest but do no damage.
The orc priest begins to cast a cantrip, but forgets the words!
You barely miss the orc priest.
You bite the orc priest, but do no damage.
The orc priest hits you but does no damage.
Menkaure, Prince of Dust comes into view.
You barely miss the orc priest.
The orc priest hits you but does no damage.
You hit the orc priest. You freeze the orc priest.
The orc priest is moderately wounded.
The orc priest invokes the aid of Beogh against you.
Beogh smites you!
You hit the orc priest. You freeze the orc priest.
The orc priest is heavily wounded.
The orc priest calls down the wrath of Beogh upon you.
Pain shoots through your body!
The orc priest attacks as it pursues you!
The orc priest hits you but does no damage.
The orc priest hits you with a +0 club.
You hit the orc priest. You freeze the orc priest.
The orc priest is severely wounded.
The orc priest hits you with a +0 club.
You hit the orc priest. You freeze the orc priest.
The orc priest is almost dead.
You hit the orc priest but do no damage.
The orc priest is almost dead.
The orc priest hits you but does no damage.
You hit the orc priest. You freeze the orc priest.
You kill the orc priest!
Cheibriados appreciates the change of pace.
The orc hits you but does no damage.
You barely miss Menkaure. The orc hits you with a +0 war axe.
Menkaure completely misses you.
You barely miss Menkaure. The orc hits you with a +0 war axe.
You hit Menkaure but do no damage. Menkaure hits you!
You die...
Cheibriados appreciates the motionlessness of death.

# #......# ..
#......# ...
#......# ....
#......# .....
#......#
......##......#
.....M..).....#
......##Mo#.###
.#### #@.# #..#
#.:# #..#####
#....).#
##.###.# #.#
#)# #.# #.# #.#
#.#


You could see Menkaure and an orc.

Vanquished Creatures
  A black bear (D:4)
  3 orc priests (D:4)
  5 adders
  2 ufetubi (D:3)
  3 ribbon worms
  8 orcs
  6 bats
  8 endoplasms
  A giant cockroach (D:4)
  4 goblins
  9 hobgoblins
  5 quokkas
  6 ball pythons
  3 frilled lizards
  5 kobolds
  3 rats
72 creatures vanquished.

Notes
Turn   | Place    | Note
-------+----------+-------------------------------------------
     0 | D:1      | Reached skill level 9 in Stealth
     0 | D:1      | smashvw the Gnoll Wanderer began the quest for the Orb.
     0 | D:1      | smashvw set off with the following items: a +0 dagger, an
                  | atropa-tipped dart, a datura-tipped dart, a +0 sling, a
                  | potion of curing, a scroll of fog, a +0 robe.
     0 | D:1      | Reached XP level 1. HP: 17/17 MP: 1/1
    96 | D:1      | Reached XP level 2. HP: 23/23 MP: 2/2
   676 | D:2      | Reached XP level 3. HP: 28/28 MP: 3/3
   682 | D:2      | Found Niog's Assorted Antiques.
   721 | D:2      | Found Iresub's Distillery.
   882 | D:2      | Reached skill level 1 in Invocations
   953 | D:2      | Found Vouvvaul's Antique Weapon Shop.
  1069 | D:2      | Found Foicrudo's Armour Shoppe.
  1096 | D:2      | Found Zytzavua's Antique Armour Shop.
  1111 | D:2      | Reached skill level 1 in Short Blades
  1111 | D:2      | Reached skill level 1 in Long Blades
  1111 | D:2      | Reached skill level 1 in Axes
  1111 | D:2      | Reached skill level 1 in Maces & Flails
  1111 | D:2      | Reached skill level 1 in Polearms
  1111 | D:2      | Reached skill level 1 in Staves
  1111 | D:2      | Reached skill level 1 in Throwing
  1111 | D:2      | Reached skill level 1 in Armour
  1111 | D:2      | Reached skill level 1 in Dodging
  1111 | D:2      | Reached skill level 1 in Shields
  1111 | D:2      | Reached skill level 1 in Unarmed Combat
  1111 | D:2      | Reached skill level 1 in Spellcasting
  1111 | D:2      | Reached skill level 1 in Evocations
  1545 | D:3      | Reached skill level 1 in Shapeshifting
  1545 | D:3      | Reached XP level 4. HP: 28/34 MP: 5/5
  1734 | D:3      | Reached skill level 1 in Conjurations
  1734 | D:3      | Reached skill level 1 in Hexes
  1734 | D:3      | Reached skill level 1 in Summonings
  1734 | D:3      | Reached skill level 1 in Necromancy
  1734 | D:3      | Reached skill level 1 in Translocations
  1734 | D:3      | Reached skill level 1 in Fire Magic
  1734 | D:3      | Reached skill level 1 in Ice Magic
  1734 | D:3      | Reached skill level 1 in Air Magic
  1734 | D:3      | Reached skill level 1 in Earth Magic
  1734 | D:3      | Reached skill level 1 in Alchemy
  1786 | D:3      | Found a faded altar of an unknown god.
  2294 | D:4      | Reached XP level 5. HP: 40/40 MP: 7/7
  2346 | D:4      | Noticed a black bear
  2363 | D:4      | Killed a black bear
  2478 | D:4      | Found a staircase to the Ecumenical Temple.
  2497 | D:4      | Reached XP level 6. HP: 34/47 MP: 8/8
  2513 | Temple   | Entered the Ecumenical Temple
  2536 | Temple   | Became a worshipper of Cheibriados the Contemplative
  2630 | D:4      | Noticed Menkaure
  2642 | D:4      | Slain by Menkaure

Illustrated notes

Levels and vault maps discovered:
D:1:      mrwooster_arrival_statue, layout_loops_cross, minmay_vboxes
D:2:      layout_loops_ring, serial_shops, nicolae_shop_tiny_glass, shop, shop,
          nicolae_shop_crystal, shop
D:3:      layout_basic, dilly_ecumenical_altar_fadedgnrine, corner_web_ring
D:4:      layout_basic, minmay_temple_entry_tees, uniq_natasha, uniq_menkaure
Temple:   bh_familiar_temple

Skill      XL: |  1  2  3  4  5  6 |
---------------+-------------------+-----
Stealth        | |  9.8
Invocations    | 1 2 |  2.2
Short Blades   | 1 2 |  2.0
Long Blades    | 1 2 |  2.0
Axes           | 1 2 |  2.0
Maces & Flails | 1 2 |  2.0
Polearms       | 1 2 |  2.0
Staves         | 1 2 |  2.0
Throwing       | 1 2 |  2.0
Armour         | 1 2 |  2.0
Dodging        | 1 2 |  2.0
Shields        | 1 2 |  2.0
Unarmed Combat | 1 2 |  2.0
Spellcasting   | 1 2 |  2.0
Evocations     | 1 2 |  2.0
Shapeshifting  | 1 |  1.8
Conjurations   | 1 |  1.6
Hexes          | 1 |  1.6
Summonings     | 1 |  1.6
Necromancy     | 1 |  1.6
Translocations | 1 |  1.6
Fire Magic     | 1 |  1.6
Ice Magic      | 1 |  1.6
Air Magic      | 1 |  1.6
Earth Magic    | 1 |  1.6
Alchemy        | 1 |  1.6
Fighting       | 3 |  3.3
Ranged Weapons | |  8.8

Action                     |  1- 3 |  4- 6 || total
---------------------------+-------+-------++-------
  Melee: Dagger            |       |    85 ||    85
         Bite              |       |    11 ||    11
   Fire: Sling             |   141 |    15 ||   156
  Throw: Dart              |       |     2 ||     2
         Stone             |       |     1 ||     1
         Throwing net      |       |     1 ||     1
   Stab: Sleeping          |       |     2 ||     2
 Armour: Robe              |    22 |       ||    22
         Chain mail        |     9 |   111 ||   120
  Dodge: Dodged            |    31 |    29 ||    60

Table legend: (Time is in decaauts)
 A = Elapsed time spent in this place.
 B = Non-inter-level travel time spent in this place.
 C = Inter-level travel time spent in this place.
 D = Time resting spent in this place.
 E = Time spent auto-exploring this place.
 F = Levels seen in this place.
 G = Mean time per level.
                   A        B        C        D        E       F      G
               +--------+--------+--------+--------+--------+-----+--------+
         Total |   2663 |   2401 |    262 |      0 |   1935 |   5 |  532.6 |
       Dungeon |   2611 |   2397 |    214 |      0 |   1935 |   4 |  652.8 |
        Temple |     51 |      3 |     48 |      0 |      0 |   1 |   51.0 |
               +--------+--------+--------+--------+--------+-----+--------+

Top non-repeatable levels by time:
     D:3: 755 daAuts
     D:1: 753 daAuts
     D:2: 689 daAuts
     D:4: 413 daAuts
  Temple: 51 daAuts
